[Event "ICCopen2016"]
[Site "Internet Chess Club"]
[Date "2016.06.04"]
[Round "6"]
[White "GodspeedR8"]
[Black "Shafkat"]
[Result "1-0"]
[ICCResult "Black resigns"]
[WhiteElo "1940"]
[BlackElo "1643"]
[Opening "Ruy Lopez: Schliemann defense"]
[ECO "C63"]
[NIC "RL.06"]
[Time "14:57:04"]
[TimeControl "180+0"]

1. e4 e5 2. Nf3 Nc6 3. Bb5 f5 4. exf5 e4 5. Bxc6 dxc6 6. Ne5 Nf6 7. d4 Bxf5
8. Bg5 Bd6 9. Nc3 O-O 10. O-O h6 11. Bh4 Qe7 12. Nc4 Qf7 13. Ne3 Bg6 14. d5
Nxd5 15. Ncxd5 cxd5 16. Qxd5 Qxd5 17. Nxd5 c6 18. Ne3 Rae8 19. Rad1 Bc5 20.
Rfe1 Bh5 21. Rd7 b6 22. g4 Bg6 23. Rxa7 Bxe3 24. Rxe3 Rf3 25. Rc7 Rxe3 26.
fxe3 c5 27. Rc6 Rf8 28. Rxb6 Rf3 29. Bf2 Bf7 30. a4 Bc4 31. a5 Rf7 32. b3
Be2 33. c4 Bf3 34. a6 Rd7 35. h3 Rd1+ 36. Kh2 Rh1+ 37. Kg3 h5 38. a7 h4+ 39.
Kf4 Ra1 40. Kg5 Kh7 41. Rb7 Ra2 42. Bxh4 Ra6 43. Kf5 Rh6 44. a8=Q
{Black resigns}
1-0

[Event "ICCopen2016"]
[Site "Internet Chess Club"]
[Date "2016.06.04"]
[Round "6"]
[White "GolfPro"]
[Black "rajiva"]
[Result "1-0"]
[ICCResult "Black resigns"]
[WhiteElo "1782"]
[BlackElo "1381"]
[Opening "Old Benoni defense"]
[ECO "A43"]
[NIC "OI.09"]
[Time "14:58:07"]
[TimeControl "180+0"]

1. d4 c5 2. c3 cxd4 3. cxd4 d5 4. Nc3 Nc6 5. Nf3 a6 6. e3 Bg4 7. Be2 e6 8.
h3 Bh5 9. O-O Rc8 10. Nh2 Bxe2 11. Qxe2 Bd6 12. a3 Bb8 13. Qg4 Nge7 14. Nf3
Ng6 15. Bd2 O-O 16. Rac1 f5 17. Qg5 Qe8 18. Nh4 Nxh4 19. Qxh4 h6 20. Ne2 Kh7
21. f4 Rg8 22. Rf3 g5 23. Qe1 g4 24. Rg3 gxh3 25. gxh3 Qh5 26. Kh2 Rg4 27.
Qf2 Rcg8 28. Rcg1 Rxg3 29. Rxg3 Rg4 30. Ng1 Na5 31. Bxa5 {Black resigns} 1-0

[Event "ICCopen2016"]
[Site "Internet Chess Club"]
[Date "2016.06.04"]
[Round "6"]
[White "TRADE"]
[Black "Bozhenka"]
[Result "0-1"]
[ICCResult "White resigns"]
[WhiteElo "2726"]
[BlackElo "2955"]
[Opening "QGD: 4.Nf3"]
[ECO "D37"]
[NIC "QI.01"]
[Time "14:56:54"]
[TimeControl "180+0"]

1. d4 Nf6 2. c4 e6 3. Nf3 d5 4. Nc3 Nbd7 5. Bg5 h6 6. Bh4 c6 7. e3 g5 8. Bg3
Nh5 9. Bd3 Nxg3 10. hxg3 Bg7 11. Qe2 Qe7 12. O-O-O dxc4 13. Bxc4 b6 14. Kb1
b5 15. Bb3 O-O 16. e4 c5 17. e5 cxd4 18. Rxd4 Bb7 19. Bc2 b4 20. Ne4 Nxe5
21. Nexg5 Nxf3 22. Nxf3 Bxf3 23. Qxf3 Bxd4 24. Rxh6 Rfd8 25. Qh5 Qd6 26. Rh7
Bg7 27. Qg5 Qd4 {White resigns} 0-1

[Event "ICCopen2016"]
[Site "Internet Chess Club"]
[Date "2016.06.04"]
[Round "6"]
[White "Ajolote"]
[Black "dhar2603"]
[Result "1-0"]
[ICCResult "Black checkmated"]
[WhiteElo "1509"]
[BlackElo "1816"]
[Opening "Robatsch (modern) defense"]
[ECO "B06"]
[NIC "KF.06"]
[Time "14:56:44"]
[TimeControl "180+0"]

1. e4 g6 2. Nc3 Bg7 3. d3 d6 4. Nf3 Nd7 5. g3 Ngf6 6. Bg2 O-O 7. O-O b6 8.
Be3 Bb7 9. Nd2 e5 10. f4 exf4 11. Bxf4 Re8 12. Nf3 Nc5 13. Qd2 c6 14. Rae1
Qd7 15. a3 d5 16. exd5 Nxd5 17. Nxd5 cxd5 18. b4 Ne6 19. Ne5 Bxe5 20. Bxe5
d4 21. Qh6 f5 22. Qd2 Bxg2 23. Qxg2 Nc7 24. Bxc7 Qxc7 25. Qd5+ Qf7 26. Qxd4
Red8 27. Qc3 Rdc8 28. Qb2 Qg7 29. Qb3+ Kh8 30. c4 Qd4+ 31. Kg2 Re8 32. Qc2
Re3 33. Rxe3 Qxe3 34. Rf2 Rd8 35. Qb2+ Kg8 36. Rf3 Qd4 37. Qxd4 Rxd4 38. Kf2
Kf7 39. Re3 Rd7 40. Ke2 Re7 41. Rxe7+ Kxe7 42. Ke3 Ke6 43. d4 Kd6 44. c5+
bxc5 45. dxc5+ Kd5 46. a4 h6 47. Kd3 g5 48. Ke3 Kc4 49. c6 Kxb4 50. c7 Kxa4
51. c8=Q a5 52. Qb7 Ka3 53. Qb5 a4 54. Kd2 f4 55. Kc2 f3 56. Qb2#
{Black checkmated}
1-0

[Event "ICCopen2016"]
[Site "Internet Chess Club"]
[Date "2016.06.04"]
[Round "6"]
[White "livis"]
[Black "BlueGoose"]
[Result "1-0"]
[ICCResult "Black resigns"]
[WhiteElo "1923"]
[BlackElo "1676"]
[Opening "French: advance, Nimzovich system"]
[ECO "C02"]
[NIC "FR.03"]
[Time "14:58:22"]
[TimeControl "180+0"]

1. e4 e6 2. d4 d5 3. e5 c5 4. Nf3 cxd4 5. Nxd4 Nc6 6. Nxc6 bxc6 7. Be2 f6 8.
exf6 Nxf6 9. O-O Bd6 10. f4 Qc7 11. c4 O-O 12. cxd5 exd5 13. Nc3 Bf5 14. Bd3
Bg4 15. Be2 Bf5 16. Bd3 Bg4 17. Qc2 Rae8 18. h3 Bh5 19. g4 Bxg4 20. hxg4
Nxg4 21. Bxh7+ Kh8 22. Bf5 Ne3 23. Bxe3 Rxe3 24. Qh2+ Kg8 25. Bh7+ Kf7 26.
Qh5+ Ke7 27. Qg5+ Rf6 28. Qxg7+ Rf7 29. Qg5+ Rf6 30. Rae1 Bc5 31. Kg2 d4 32.
Ne4 {Black resigns} 1-0

[Event "ICCopen2016"]
[Site "Internet Chess Club"]
[Date "2016.06.04"]
[Round "6"]
[White "luckypawns"]
[Black "modeusto"]
[Result "0-1"]
[ICCResult "White resigns"]
[WhiteElo "1596"]
[BlackElo "1912"]
[Opening "Scandinavian (center counter) defense"]
[ECO "B01"]
[NIC "VO.17"]
[Time "14:59:01"]
[TimeControl "180+0"]

1. e4 d5 2. d3 dxe4 3. Nd2 exd3 4. Bxd3 e5 5. Ngf3 Nf6 6. a4 Bd6 7. b3 Bg4
8. O-O O-O 9. Qe1 Re8 10. Ng5 h6 11. Nge4 Nbd7 12. f3 Be6 13. Nxd6 cxd6 14.
Bb5 a6 15. Bd3 Rc8 16. Ne4 Nxe4 17. Qxe4 f5 18. Qxb7 Nc5 19. Qb4 Nxd3 20.
cxd3 Rc2 21. Ba3 Qg5 22. Rf2 Rxf2 23. Kxf2 Rd8 24. Rd1 Kh7 25. Qb6 Bc8 26.
Bxd6 Qf6 27. Bc7 Qh4+ 28. Kg1 Rd4 29. Bxe5 Rb4 30. Qc7 Qg5 31. Bf4 Rxf4 32.
Qxc8 Rxf3 33. Rf1 Qe3+ {White resigns} 0-1

[Event "ICCopen2016"]
[Site "Internet Chess Club"]
[Date "2016.06.04"]
[Round "6"]
[White "Werewolf"]
[Black "karodash"]
[Result "1-0"]
[ICCResult "Black forfeits on time"]
[WhiteElo "2195"]
[BlackElo "1623"]
[Opening "Scandinavian defense"]
[ECO "B01"]
[NIC "SD.03"]
[Time "14:57:58"]
[TimeControl "180+0"]

1. e4 d5 2. exd5 Nf6 3. Bb5+ Bd7 4. Bc4 Bg4 5. f3 Bc8 6. Nc3 Nbd7 7. Nge2
Nb6 8. Bb3 Nbxd5 9. Nxd5 Nxd5 10. d4 e6 11. a3 g6 12. c4 Nb6 13. Be3 Bg7 14.
Qd2 O-O 15. O-O-O a5 16. h4 a4 17. Ba2 e5 18. h5 exd4 19. Bxd4 Bxd4 20. Nxd4
c5 21. Nb5 Qxd2+ 22. Rxd2 Be6 23. hxg6 hxg6 24. Nd6 Rad8 25. g4 Rd7 26. Kc2
Rfd8 27. Rhd1 Nc8 28. Nxb7 Rxd2+ 29. Rxd2 Rxd2+ 30. Kxd2 Nb6 31. Nxc5 Bxc4
32. Bxc4 Nxc4+ 33. Kc3 Ne5 34. Nxa4 Nxf3 35. b4 Ne5 36. b5 f5 37. gxf5 gxf5
38. Kd4 f4 39. Nc3 Nd7 40. Ke4 Kf8 41. Kxf4 Ke7 42. Ke4 Kd6 43. Kd4 Kc7 44.
Kc4 {Black forfeits on time} 1-0

[Event "ICCopen2016"]
[Site "Internet Chess Club"]
[Date "2016.06.04"]
[Round "6"]
[White "BlitzorDDD"]
[Black "TasteOflover"]
[Result "1-0"]
[ICCResult "Black resigns"]
[WhiteElo "3020"]
[BlackElo "2887"]
[Opening "King's Indian: 6.Be2"]
[ECO "E91"]
[NIC "KI.19"]
[Time "14:58:02"]
[TimeControl "180+0"]

1. c4 Nf6 2. Nc3 g6 3. e4 d6 4. d4 Bg7 5. Nf3 O-O 6. Be2 c5 7. O-O Nc6 8. d5
Na5 9. Bf4 Nh5 10. Be3 e5 11. dxe6 Bxe6 12. Nd2 Nf6 13. h3 Qb6 14. Rb1 Rad8
15. b4 Nc6 16. Nd5 Bxd5 17. bxc5 Qc7 18. cxd5 Na5 19. cxd6 Qxd6 20. Bxa7 Ra8
21. Be3 Rfe8 22. Bf3 Qa3 23. Bd4 Nd7 24. Bxg7 Kxg7 25. Qc2 Ne5 26. Be2 Rec8
27. Qb2 Qxb2 28. Rxb2 g5 29. g3 Rc3 30. Kg2 Rac8 31. Rfb1 Rc2 32. Nf3 Nxf3
33. Bxf3 Kf6 34. Bg4 R8c4 35. Rb5 Rxa2 36. d6 Rcc2 37. Rf5+ Kg7 38. d7 Rd2
39. Rd1 Rxd1 40. Bxd1 Nc6 41. Bb3 Rd2 42. Rxf7+ Kg6 43. Bd5 Nd8 44. Rf8
{Black resigns}
1-0

[Event "ICCopen2016"]
[Site "Internet Chess Club"]
[Date "2016.06.04"]
[Round "6"]
[White "kingmate"]
[Black "gsvc"]
[Result "0-1"]
[ICCResult "White resigns"]
[WhiteElo "2454"]
[BlackElo "2843"]
[Opening "Sicilian: Alapin's variation (2.c3)"]
[ECO "B22"]
[NIC "SI.46"]
[Time "14:56:56"]
[TimeControl "180+0"]

1. e4 c5 2. c3 d5 3. exd5 Qxd5 4. d4 Nc6 5. Nf3 Bf5 6. Be3 Nf6 7. Be2 e6 8.
Na3 Ng4 9. Nc4 O-O-O 10. h3 Nxe3 11. Nxe3 Qd6 12. d5 Ne7 13. Qa4 Nxd5 14.
Nxd5 exd5 15. Qxa7 Be7 16. O-O g5 17. Rfd1 Kc7 18. Qa5+ Qb6 19. Qxb6+ Kxb6
20. Ne5 Rhf8 21. Bg4 Bxg4 22. hxg4 f6 23. Nf3 f5 24. gxf5 Rxf5 25. Re1 Bd6
26. Re6 g4 27. Nh2 h5 28. Rae1 Kc6 29. Nf1 Rdf8 30. R1e2 Kd7 31. Rh6 b5 32.
Ne3 Re5 33. Rd2 Kc6 34. g3 Ra8 35. c4 d4 36. cxb5+ Kxb5 37. Nc2 Bf8 38. Rh8
Kc4 39. Na3+ Rxa3 40. bxa3 Re1+ 41. Kg2 Bg7 42. Rb8 Kc3 43. Rdb2 c4 44. R2b7
Be5 45. Re8 d3 46. a4 d2 47. Rd7 Bd4 48. Rxd4 Kxd4 49. Rd8+ Kc3 50. a5 d1=Q
51. Rxd1 Rxd1 52. a6 Rd6 53. a7 Ra6 54. f3 Rxa7 55. fxg4 hxg4 56. Kf2 Kd3
57. a4 Rxa4 58. Ke1 Ra2 59. Kf1 c3 60. Kg1 c2 {White resigns} 0-1

[Event "ICCopen2016"]
[Site "Internet Chess Club"]
[Date "2016.06.04"]
[Round "6"]
[White "mathman"]
[Black "Qualm"]
[Result "1-0"]
[ICCResult "Black resigns"]
[WhiteElo "2341"]
[BlackElo "1724"]
[Opening "Scandinavian: Pytel-Wade variation"]
[ECO "B01"]
[NIC "SD.02"]
[Time "14:57:53"]
[TimeControl "180+0"]

1. e4 d5 2. exd5 Qxd5 3. Nc3 Qd6 4. g3 Nf6 5. Bg2 e6 6. Nge2 Bd7 7. d3 Bc6
8. O-O Bxg2 9. Kxg2 Nc6 10. Bf4 Qd7 11. h3 Bd6 12. Qd2 O-O-O 13. a3 h6 14.
b4 g5 15. Be3 Nd5 16. b5 Nce7 17. a4 f5 18. Bxa7 f4 19. Ne4 f3+ 20. Kxf3 g4+
21. hxg4 e5 22. Rh1 Rdf8+ 23. Kg2 Qxg4 24. Rh4 Qg6 25. Rah1 Nf5 26. Rh5 Nf4+
27. Nxf4 exf4 28. Nxd6+ Nxd6 29. Bc5 Rf5 30. Rxf5 Nxf5 31. Qxf4 Rg8 32. Re1
h5 33. Re5 Nh6 34. Re7 {Black resigns} 1-0

[Event "ICCopen2016"]
[Site "Internet Chess Club"]
[Date "2016.06.04"]
[Round "6"]
[White "SeniorNapa"]
[Black "ol4ik"]
[Result "0-1"]
[ICCResult "White resigns"]
[WhiteElo "1849"]
[BlackElo "2231"]
[Opening "QGA: 3.e4"]
[ECO "D20"]
[NIC "QG.04"]
[Time "14:57:26"]
[TimeControl "180+0"]

1. d4 d5 2. c4 dxc4 3. e4 Nc6 4. Be3 Nf6 5. Nc3 e5 6. d5 Ne7 7. Bxc4 Ng6 8.
Qd2 a6 9. h4 b5 10. h5 bxc4 11. hxg6 fxg6 12. Nf3 Bd6 13. Ng5 Rb8 14. f3 Qe7
15. Rc1 O-O 16. Qf2 h6 17. Nh3 Nh5 18. g4 Bxg4 19. Ng1 Bd7 20. Qg2 Kh7 21.
Nge2 Nf4 22. Bxf4 exf4 23. Nd4 Be5 24. Rd1 g5 25. Rd2 Qf6 26. Nce2 g4 27.
Nf5 g3 28. Ned4 Bxf5 29. Nxf5 Bxb2 30. Qh3 Bc3 31. Qg4 Rb1+ 32. Ke2 Rxh1
{White resigns}
0-1

[Event "ICCopen2016"]
[Site "Internet Chess Club"]
[Date "2016.06.04"]
[Round "6"]
[White "Smokie"]
[Black "geemurfi"]
[Result "0-1"]
[ICCResult "White forfeits on time"]
[WhiteElo "1393"]
[BlackElo "1840"]
[Opening "QGD: Albin counter-gambit"]
[ECO "D08"]
[NIC "QG.02"]
[Time "14:58:04"]
[TimeControl "180+0"]

1. d4 d5 2. c4 e5 3. cxd5 Qxd5 4. e3 Nc6 5. Nc3 Bb4 6. Bd2 Bxc3 7. Bxc3 e4
8. b3 Nf6 9. Bc4 Qg5 10. Kf1 O-O 11. Ne2 Bg4 12. Qc2 Rfe8 13. Nf4 Rad8 14.
h4 Qf5 15. f3 exf3 16. Qxf5 fxg2+ 17. Kxg2 Bxf5 18. Kf2 Ne4+ 19. Kf3 Nxc3
20. Rhg1 Be4+ 21. Kf2 b5 22. Bf1 a6 23. Rc1 Nd5 24. Rxc6 Nxf4 25. Rxc7 Nd5
26. Ra7 Rd6 27. h5 Rf6+ 28. Ke1 Nxe3 29. Be2 h6 {White forfeits on time} 0-1

[Event "ICCopen2016"]
[Site "Internet Chess Club"]
[Date "2016.06.04"]
[Round "6"]
[White "waynehatcher"]
[Black "minke"]
[Result "0-1"]
[ICCResult "White forfeits on time"]
[WhiteElo "1575"]
[BlackElo "1798"]
[Opening "Réti opening"]
[ECO "A04"]
[NIC "QP.11"]
[Time "14:57:26"]
[TimeControl "180+0"]

1. Nf3 d6 2. c4 g6 3. Nc3 Bg7 4. g3 f5 5. Bg2 Nf6 6. O-O O-O 7. d3 e5 8. Rb1
a5 9. a3 h6 10. b4 axb4 11. axb4 Na6 12. Bd2 c6 13. b5 Nc5 14. Ne1 Bd7 15.
Nc2 Qe8 16. Nb4 e4 17. d4 Ne6 18. e3 g5 19. bxc6 bxc6 20. Qc2 Qh5 21. Qd1 g4
22. Qc2 Ng5 23. Ne2 Nf3+ 24. Bxf3 gxf3 25. Nf4 Qg5 26. h4 Qg4 27. Kh2 Nh5
28. d5 Nxf4 29. exf4 c5 30. Nc6 Bf6 31. Rh1 Bxh4 32. Kg1 Bf6 33. Kf1 h5 34.
Bc3 h4 35. Bxf6 Rxf6 36. Qc3 Kf7 37. Ne5+ dxe5 38. fxe5 Rg6 39. e6+ Bxe6 40.
dxe6+ Kxe6 41. Qd2 Ke7 42. Qd5 Rd8 43. Qxc5+ Rgd6 44. Rb7+ Ke6
{White forfeits on time}
0-1

[Event "ICCopen2016"]
[Site "Internet Chess Club"]
[Date "2016.06.04"]
[Round "6"]
[White "ShadowLike"]
[Black "El-Kaiser"]
[Result "0-1"]
[ICCResult "White forfeits on time"]
[WhiteElo "1944"]
[BlackElo "2418"]
[Opening "French defense"]
[ECO "C01"]
[NIC "FR.01"]
[Time "14:56:53"]
[TimeControl "180+0"]

1. e4 e6 2. d4 d5 3. c4 dxe4 4. f3 exf3 5. Nxf3 Bb4+ 6. Nc3 Nf6 7. Bg5 h6 8.
Bh4 g5 9. Bf2 Ne4 10. Qb3 Nc6 11. d5 Bxc3+ 12. bxc3 Nxf2 13. dxc6 Nxh1 14.
cxb7 Bxb7 15. Qxb7 O-O 16. Nd4 Qf6 17. Qf3 Qe5+ 18. Be2 Qxh2 19. O-O-O Ng3
20. Bd3 c5 21. Nc6 Kg7 22. Qe3 Nf5 23. Bxf5 exf5 24. Qxc5 Qf4+ 25. Rd2 Rfe8
26. Ne7 Rad8 27. Nxf5+ Kg6 28. Nd4 Re5 29. Qc6+ Kg7 30. Kc2 Qe4+ 31. Qxe4
Rxe4 32. Nf5+ Kf6 33. Rxd8 Kxf5 34. Rd7 Re2+ 35. Kb3 Rxg2 36. Rxf7+ Ke6 37.
Rxa7 h5 38. Rh7 h4 39. a4 Rg3 40. a5 h3 41. a6 Rg1 42. Rh6+ Kf5 43. Rxh3 Ra1
44. Rf3+ Ke4 45. Rf6 g4 46. Rg6 Kf3 47. Kb4 g3 48. Kb5 g2 49. c5 Rb1+ 50.
Kc6 Ra1 51. Kb7 Rb1+ 52. Ka7 Rc1 53. c6 Rxc3 54. Kb7 Rb3+ 55. Ka8 Rc3 56. a7
Rxc6 {White forfeits on time} 0-1

[Event "ICCopen2016"]
[Site "Internet Chess Club"]
[Date "2016.06.04"]
[Round "6"]
[White "WhiteMoon"]
[Black "Commando"]
[Result "0-1"]
[ICCResult "White forfeits on time"]
[WhiteElo "2081"]
[BlackElo "2644"]
[Opening "King's Indian: fianchetto, Panno variation"]
[ECO "E63"]
[NIC "KI.71"]
[Time "14:57:18"]
[TimeControl "180+0"]

1. d4 Nf6 2. Nf3 g6 3. c4 Bg7 4. Nc3 O-O 5. g3 d6 6. Bg2 Nc6 7. O-O a6 8. h3
Bd7 9. e4 Qc8 10. Kh2 e5 11. Be3 exd4 12. Nxd4 Ne5 13. b3 Rb8 14. Rc1 Re8
15. Nd5 c5 16. Ne2 Qc6 17. Nef4 Be6 18. Nxf6+ Bxf6 19. Nd5 Bg7 20. f4 Nd7
21. Qd2 Qc8 22. Rce1 f5 23. exf5 gxf5 24. Qd3 Nf8 25. Bd2 Qd7 26. Bc3 Qf7
27. Re3 Bd7 28. Rfe1 Ne6 29. Bxg7 Qxg7 30. Qxf5 Rf8 31. Qg4 Qxg4 32. hxg4
Nd4 33. Re7 Bxg4 34. Rc7 Ne6 35. Re7 Ng7 36. Bh3 Bxh3 37. Kxh3 Nf5 38. Rd7
Rf7 39. Rxf7 Kxf7 40. g4 Ng7 41. Re7+ Kf8 42. g5 Re8 43. Rc7 Ne6 44. Kg4
Nxc7 {White forfeits on time} 0-1

[Event "ICCopen2016"]
[Site "Internet Chess Club"]
[Date "2016.06.04"]
[Round "6"]
[White "hedgie"]
[Black "yucatan3000"]
[Result "0-1"]
[ICCResult "White checkmated"]
[WhiteElo "2045"]
[BlackElo "1786"]
[Opening "QGD Slav: 4.Nc3"]
[ECO "D15"]
[NIC "SL.03"]
[Time "14:58:16"]
[TimeControl "180+0"]

1. d4 d5 2. c4 c6 3. Nf3 Nf6 4. Nc3 Bf5 5. Bf4 e6 6. e3 Bd6 7. Bxd6 Qxd6 8.
Qb3 b6 9. Rc1 Nbd7 10. cxd5 exd5 11. Be2 O-O 12. O-O b5 13. a4 a6 14. Ra1
Nb6 15. Ne5 Nc4 16. Nxc4 bxc4 17. Qa3 Qxa3 18. Rxa3 Rfb8 19. Ra2 Rb4 20. a5
Rab8 21. Na4 Rxa4 22. Rxa4 Rxb2 23. Bf3 g5 24. h3 h5 25. g3 Bxh3 26. Rc1 Bf5
27. Bd1 g4 28. Ra3 Ne4 29. Ba4 Bd7 30. Rc2 Rb1+ 31. Kg2 Nd6 32. Raa2 Bf5 33.
Rcb2 Be4+ 34. f3 Bxf3+ 35. Kf2 Ne4# {White checkmated} 0-1

[Event "ICCopen2016"]
[Site "Internet Chess Club"]
[Date "2016.06.04"]
[Round "6"]
[White "Bochkarev"]
[Black "DARKwizard1"]
[Result "1-0"]
[ICCResult "Black forfeits on time"]
[WhiteElo "2795"]
[BlackElo "2329"]
[Opening "Queen's pawn: Lundin (Kevitz-Mikenas) defense"]
[ECO "E97"]
[NIC "KI.07"]
[Time "14:57:27"]
[TimeControl "180+0"]

1. d4 Nc6 2. Nf3 d6 3. e4 g6 4. c4 Bg7 5. Nc3 e5 6. d5 Nce7 7. Be2 Nf6 8.
O-O O-O 9. Nd2 h6 10. b4 a5 11. bxa5 Rxa5 12. Nb3 Ra8 13. c5 Kh7 14. a4 Nd7
15. Ba3 dxc5 16. Nxc5 b6 17. Nb3 f5 18. Rc1 fxe4 19. d6 cxd6 20. Bxd6 Re8
21. Nxe4 Nf5 22. Bb5 Bb7 23. Bc7 Qh4 24. Ng3 Nf6 25. Nd2 Re6 26. Nf3 Bxf3
27. Qxf3 e4 28. Nxf5 Qg5 29. Qg3 Qxf5 30. Rfe1 Rf8 31. Qf4 Nd5 32. Qxf5 gxf5
33. Red1 Nxc7 34. Rxc7 Kg6 35. g3 Be5 36. Rc4 Kg5 37. Kg2 h5 38. h4+ Kf6 39.
Rd7 Rg8 40. Rc2 f4 41. Bc4 fxg3 42. Bxe6 Kxe6 43. Rh7 gxf2+ 44. Kxf2 Rg4 45.
Rxh5 Bg3+ 46. Ke2 Bxh4 47. Rc6+ Kd7 48. Rxb6 Be7 49. Rh7 Ke8 50. Rb8+
{Black forfeits on time}
1-0

[Event "ICCopen2016"]
[Site "Internet Chess Club"]
[Date "2016.06.04"]
[Round "6"]
[White "santiagoelawad"]
[Black "Towinning"]
[Result "0-1"]
[ICCResult "White forfeits on time"]
[WhiteElo "1960"]
[BlackElo "2346"]
[Opening "English: Caro-Kann defensive system"]
[ECO "D13"]
[NIC "EO.64"]
[Time "14:57:04"]
[TimeControl "180+0"]

1. c4 c6 2. Nc3 d5 3. cxd5 cxd5 4. d4 Nf6 5. Nf3 e6 6. Bf4 Nc6 7. e3 Bd6 8.
Bg3 Nh5 9. Bxd6 Qxd6 10. Bd3 Nf6 11. a3 a6 12. O-O O-O 13. Qe2 b5 14. b4 Bb7
15. Nd2 e5 16. dxe5 Nxe5 17. Bf5 Nc4 18. Nb3 Qe5 19. Qd3 Rac8 20. Nc5 Ba8
21. Bxc8 Rxc8 22. Ne2 d4 23. Qxd4 Qg5 24. Nf4 Nh5 25. g3 Nxf4 26. exf4 Qg4
27. Qd7 Qxd7 28. Nxd7 Nd2 29. Rfc1 Nf3+ 30. Kf1 Rd8 31. Ne5 Nxh2+ 32. Ke2 f6
33. Nc6 Re8+ 34. Kd3 Ng4 35. Nd4 Nxf2+ 36. Kd2 Ne4+ 37. Kd3 Nxg3 38. Rc7
Re3+ 39. Kxe3 g5 40. fxg5 f5 41. Rc8+ Kg7 42. Rxa8 Kg6 43. Ra7 f4+ 44. Kxf4
Kh5 {White forfeits on time} 0-1

[Event "ICCopen2016"]
[Site "Internet Chess Club"]
[Date "2016.06.04"]
[Round "6"]
[White "TrendFriend"]
[Black "Astigmatist"]
[Result "1-0"]
[ICCResult "Black forfeits on time"]
[WhiteElo "2480"]
[BlackElo "1983"]
[Opening "Scandinavian defense"]
[ECO "B01"]
[NIC "SD.03"]
[Time "14:57:27"]
[TimeControl "180+0"]

1. e4 d5 2. exd5 Nf6 3. Nf3 Nxd5 4. d4 g6 5. g3 Bg7 6. Bg2 O-O 7. O-O Nb6 8.
c3 Nc6 9. Re1 e5 10. Bg5 f6 11. Be3 Bg4 12. h3 Be6 13. dxe5 fxe5 14. Nbd2
Bd5 15. Qc2 Kh8 16. Ne4 Qe8 17. Rad1 Rd8 18. Bc5 Rf5 19. Nh4 Rf7 20. Ng5
Rfd7 21. Bxb6 axb6 22. Bxd5 Rxd5 23. Rxd5 Rxd5 24. Ne4 Rd7 25. Nf3 Qf7 26.
Kg2 Qxa2 27. Neg5 Qd5 28. Qe4 Qxe4 29. Nxe4 Kg8 30. Ra1 Na5 31. b4 Nc4 32.
Ra8+ Kf7 33. Nfg5+ Ke7 34. Nxh7 Nd6 35. Nhg5 Nxe4 36. Nxe4 Ke6 37. h4 Kd5
38. Ng5 Kc4 39. Ra3 Rd3 40. Ra7 Rxc3 41. Rxb7 Kxb4 42. Ne6 Bh6 43. Nxc7 Rc2
44. Rxb6+ Ka5 45. Rb5+ Ka4 46. Rxe5 Rxc7 47. Re6 Rg7 48. h5 Kb4 49. Rxg6
Rxg6 50. hxg6 Kc5 51. f4 Kd5 52. Kf3 Ke6 53. g4 Kf6 54. f5 Bg5 55. Kg3 Bd2
56. Kh4 Bh6 57. Kh5 Bf4 58. Kh4 {Black forfeits on time} 1-0

[Event "ICCopen2016"]
[Site "Internet Chess Club"]
[Date "2016.06.04"]
[Round "6"]
[White "Creedence"]
[Black "chessasuke91"]
[Result "1-0"]
[ICCResult "Black resigns"]
[WhiteElo "3073"]
[BlackElo "2701"]
[Opening "French: exchange variation"]
[ECO "C01"]
[NIC "FR.01"]
[Time "14:58:17"]
[TimeControl "180+0"]

1. e4 e6 2. d4 d5 3. exd5 exd5 4. Nf3 Nf6 5. Bd3 Bd6 6. Qe2+ Qe7 7. Qxe7+
Kxe7 8. O-O Re8 9. Re1+ Kf8 10. Rxe8+ Kxe8 11. Bg5 Ke7 12. Nc3 Be6 13. Re1
c6 14. Bxh7 Nd7 15. Bf5 Rh8 16. h4 Bb4 17. Bd2 Bd6 18. Ng5 Nf8 19. g3 g6 20.
Bxe6 Nxe6 21. Nxe6 fxe6 22. Bg5 Kf7 23. Bxf6 Kxf6 24. Nd1 e5 25. dxe5+ Bxe5
26. Kg2 a5 27. b3 a4 28. Ne3 Bc3 29. Re2 Ra8 30. Ng4+ Kf7 31. f4 axb3 32.
axb3 Ra1 33. Nh2 b5 34. Nf3 Bf6 35. g4 c5 36. g5 Bc3 37. Kg3 c4 38. Kg4 Rd1
39. h5 gxh5+ 40. Kxh5 Rh1+ 41. Kg4 cxb3 42. cxb3 Rb1 43. f5 Rxb3 44. g6+ Kf6
45. Re6+ Kg7 46. Re7+ Kg8 47. Ne5 Rb1 48. Kg5 Kf8 49. Kf6 Rg1 50. Rc7 Bxe5+
51. Kxe5 b4 52. Kf6 Ke8 53. g7 b3 54. Rb7 {Black resigns} 1-0

[Event "ICCopen2016"]
[Site "Internet Chess Club"]
[Date "2016.06.04"]
[Round "6"]
[White "cloak1"]
[Black "MorningRunner"]
[Result "0-1"]
[ICCResult "White checkmated"]
[WhiteElo "1792"]
[BlackElo "2160"]
[Opening "French: Winawer, advance, poisoned pawn variation"]
[ECO "C18"]
[NIC "FR.11"]
[Time "14:58:23"]
[TimeControl "180+0"]

1. e4 e6 2. d4 d5 3. Nc3 Bb4 4. e5 c5 5. a3 Bxc3+ 6. bxc3 Ne7 7. Qg4 O-O 8.
Bd3 f5 9. exf6 Rxf6 10. Bg5 Rf7 11. Qh5 g6 12. Qh4 Nbc6 13. Nf3 Qa5 14. Bd2
Qa4 15. O-O c4 16. Be2 Qxc2 17. Ng5 Rg7 18. Rad1 Bd7 19. Bg4 Nf5 20. Qh3 e5
21. dxe5 Nxe5 22. Bf4 Nxg4 23. Qxg4 Ne3 24. Qxd7 Rxd7 25. Bxe3 Qxc3 26. Nf3
Qxa3 27. Bd4 Re8 28. Ne5 Rde7 29. Nf3 b5 30. h3 b4 31. Ra1 Qd3 32. Rad1 Qf5
33. Rb1 a5 34. Ra1 c3 35. Rxa5 c2 36. Raa1 b3 37. Bb2 Rc8 38. Nd4 Qd3 39.
Rac1 Re4 40. Nf3 Qc4 41. Nd2 Qd3 42. Nxe4 Qxe4 43. Rfe1 Qc4 44. Re7 d4 45.
Rd7 Qc3 46. Bxc3 dxc3 47. Re1 b2 48. Ree7 c1=Q+ 49. Kh2 Qf4+ 50. Kg1 b1=Q+
51. Re1 Qxe1# {White checkmated} 0-1

[Event "ICCopen2016"]
[Site "Internet Chess Club"]
[Date "2016.06.04"]
[Round "6"]
[White "cyborg86"]
[Black "jergus"]
[Result "1-0"]
[ICCResult "Black forfeits on time"]
[WhiteElo "2029"]
[BlackElo "2494"]
[Opening "Sicilian defense"]
[ECO "B40"]
[NIC "SI.43"]
[Time "14:57:09"]
[TimeControl "180+0"]

1. e4 c5 2. Nf3 e6 3. c3 d5 4. exd5 exd5 5. d4 Nc6 6. Bb5 Nf6 7. O-O Be7 8.
dxc5 Bxc5 9. Nbd2 O-O 10. Nb3 Bd6 11. Bg5 Be6 12. Nbd4 Nxd4 13. Nxd4 h6 14.
Bh4 g5 15. Bg3 Ne4 16. Qh5 Kg7 17. Rad1 Qf6 18. Bd3 Bf4 19. Bxf4 gxf4 20. f3
Nc5 21. Bc2 Qg5 22. Qxg5+ hxg5 23. Rfe1 Kf6 24. Re2 Rfe8 25. Rde1 Rab8 26.
Nb5 a6 27. Nc7 Rec8 28. Nxe6 Nxe6 29. Re5 Rd8 30. Rf5+ Kg7 31. h4 gxh4 32.
Bb3 d4 33. Bxe6 fxe6 34. Rxf4 dxc3 35. bxc3 Rd6 36. Rxh4 Rc8 37. c4 b5 38.
cxb5 axb5 39. Rhe4 Kf6 40. Rb1 Rc5 41. Reb4 Rd2 42. Rxb5 Rxb5 43. Rxb5 Rxa2
44. Kh2 Ra8 45. Kg3 Rg8+ 46. Kf2 Ra8 47. Rb6 Ra2+ 48. Kg3 Ra8 49. Rb7 Rg8+
50. Kf2 Rh8 51. g4 Ra8 52. Kg3 Ra1 53. Rb3 Rg1+ 54. Kf2 Ra1 55. Re3 Ra2+ 56.
Kg3 Ra8 57. f4 Rh8 58. g5+ Kf5 59. Re5+ Kg6 60. Rxe6+ Kh5 61. Re1 Kg6 62.
Kg4 Ra8 63. f5+ Kf7 64. Re4 Ra1 65. Kf4 Rf1+ 66. Ke5 Ra1 67. g6+ Kg7 68. Kf4
Rf1+ 69. Kg5 Rg1+ 70. Rg4 Rf1 71. Rh4 Rg1+ 72. Kf4 Rf1+ 73. Ke5 Re1+ 74. Re4
Ra1 75. f6+ {Black forfeits on time} 1-0